[Event "4NCL Div 1 2024-25"]
[Site "England"]
[Date "2024.11.24"]
[Round "2.1"]
[White "Harvey, Marcus R"]
[Black "Merry, Alan B"]
[Result "1/2-1/2"]
[Annotator "TA"]
[ECO "A28"]
[WhiteElo "2491"]
[BlackElo "2417"]
[PlyCount "147"]
[EventDate "2024.11.23"]
[EventType "team-tourn"]
[EventCountry "ENG"]
[SourceTitle "playchess.com"]
[Source "ChessBase"]
[SourceQuality "1"]
[TimeControl "40/6000+30:3000+30"]

1. c4 e5 2. Nc3 Nf6 3. Nf3 Nc6 4. e3 Bb4 5. Qc2 Bxc3 6. Qxc3 Qe7 7. d4 Ne4 8. Qd3 exd4 9. Nxd4 O-O 10. Be2 Nxd4 11. Qxd4 b6 12. O-O Bb7 13. b3 f5 14. Bb2 Rae8 15. Rad1 d6 16. Rde1 Rf6 17. f3 Ng5 18. Bd3 Ref8 19. Bc2 Rg6 20. Kh1 Ne6 21. Qd2 Qh4 22. Qf2 Qh5 23. Bd1 Rh6 24. Qg1 Nc5 25. Bd4 Nd3 26. Re2 Re8 27. Rd2 Nc5 28. Bxc5 bxc5 29. f4 Qh4 30. Bf3 Be4 31. Bxe4 Rxe4 32. Rf3 Rhe6 33. h3 a5 34. Rc2 Re8 35. Kh2 Qe7 36. Rc3 Qf6 37. Qc1 Ra8 38. Qd2 Qe6 39. a4 Rb8 40. Rd3 Rb4 41. Qc3 Kf7 42. Rf1 Qf6 43. Qd2 h5 44. Qe2 h4 45. Rg1 g6 46. Qd2 Ke7 47. g4 {[%emt 0:00:00] [#]} Rexc4 (47... hxg3+ $1 $17 48. Rxg3 Rexc4) 48. gxf5 $1 $11 (48. bxc4 $2 Rb2 49. gxf5 gxf5 $19 (49... Rxd2+ $2 50. Rxd2 gxf5 51. Rg5 $19) (49... Rxd2+ $2 50. Rxd2 gxf5 51. Rc2 $19)) 48... gxf5 49. Qg2 $1 (49. bxc4 $2 Rb2 $19) 49... Re4 50. Qg8 Kd7 51. Rg6 $1 Qb2+ 52. Rg2 Qf6 53. Rg6 Qb2+ 54. Rg2 Qf6 55. Qd5 c4 56. bxc4 Rexc4 57. Qxa5 {[%emt 0:00:28] [#]} (57. Rdd2 $11) 57... Rb2 (57... Rb1 $1 $17 58. Qe5 Qf7 (58... Qxe5 59. fxe5 Rcc1 60. Rgd2 $17)) 58. Rxb2 Qxb2+ 59. Rd2 Qb1 (59... Rc5 {simplifies} 60. Qxc7+ Kxc7 61. Rxb2 Rc3) 60. Qd5 Qe4 (60... Rxa4 $2 {loses.} 61. Qf7+ Kc8 62. Qe8+ Kb7 63. Qxa4 $18) 61. Qb5+ Ke7 62. Qb2 Rxa4 63. Qg7+ Kd8 64. Rb2 Kc8 ({Worse is} 64... Qxe3 65. Rb8#) 65. Qg8+ Kd7 66. Qf7+ Kc6 67. Qb3 $1 Ra5 68. Rg2 Rb5 69. Qa3 Kb7 70. Ra2 Kc8 71. Rg2 Kb7 72. Ra2 Kc8 73. Rg2 $1 Kb7 74. Ra2 1/2-1/2

[Event "4NCL Div 1 2024-25"]
[Site "England"]
[Date "2024.11.24"]
[Round "2.3"]
[White "Murphy, Conor E"]
[Black "Taylor, Martin R"]
[Result "1/2-1/2"]
[Annotator "TA"]
[ECO "C50"]
[WhiteElo "2444"]
[BlackElo "2353"]
[PlyCount "62"]
[EventDate "2024.11.23"]
[EventType "team-tourn"]
[EventCountry "ENG"]
[SourceTitle "playchess.com"]
[Source "ChessBase"]
[SourceQuality "1"]
[TimeControl "40/6000+30:3000+30"]

1. e4 e5 2. Nf3 Nc6 3. Bc4 Be7 4. d4 exd4 5. Nxd4 d6 6. Nxc6 bxc6 {[%emt 0:00:18] [#]} 7. e5 $1 d5 (7... Qd7 8. Bf4) 8. Bd3 Bc5 9. Qh5 {[%emt 0:00:23][%cal Oe1g1] Prevents Qh4. White is slightly better.} g6 10. Qe2 Qh4 ({Better is} 10... a5 $14) 11. h3 $1 $16 Ne7 12. Nd2 Bf5 13. Nf3 ({White should play} 13. g4 $1 $16 Bxd3 14. cxd3) 13... Qb4+ (13... Bxd3 $11 14. cxd3 Qb4+ 15. Qd2 Nf5) 14. c3 $14 Bxd3 15. Qxd3 Qb5 16. Qc2 {[%emt 0:00:43] aiming for b4.} a5 17. Bg5 Rb8 18. b3 Nf5 19. Bf6 O-O 20. g4 Ng7 21. h4 {[%emt 0:01:14] Strongly threatening h5.} Ne8 {[%emt 0:02:20] Threatens to win with ...Nxf6.} 22. O-O-O (22. g5 $11) 22... Nxf6 23. exf6 {[%emt 0:00:02] And now h5 would win.} Rfe8 $2 (23... Ba3+ $17 {stays on course.} 24. Kb1 a4) 24. Rhe1 $2 {[%emt 0:00:27] [#]} (24. h5 $1 $16 {[%cal Rh5g6] is necessary to keep the advantage. hxg6 is the strong threat.} Re2 25. Rd2) 24... a4 $1 $17 25. b4 (25. Rxe8+ $6 Rxe8 26. Nd4 axb3 27. axb3 Qa6 $15) 25... Bd6 26. h5 (26. Rxe8+ $17 Rxe8 27. Qd3) 26... Qc4 $19 27. Rd4 Rxe1+ 28. Nxe1 Qf1 29. Rd1 {[%emt 0:00:02] [#]} Qc4 $2 (29... Qh3 $1 $19 30. Nd3 Qxg4 (30... gxh5 31. gxh5 Ra8 32. Rg1+ Kh8 33. Qe2 $11) 31. Qxa4 c5 (31... Qxh5 32. Qxc6 Qf5 33. a4 $11)) 30. Rd4 $1 $15 Qf1 (30... Qb5 $15 31. Nd3 c5 32. bxc5 (32. Rxd5 $2 {perishes.} Qc4 $19) 32... Bxc5 33. Rxa4 Bf8) 31. Rd1 $1 $19 {[%emt 0:00:03] [#]} Qc4 $2 {[%emt 0:03:35] Weighted Error Value: White=0.24 (precise) /Black=0.35.  Missed win:     	---       	Black=1      Mistake:       	White=4     	Black=5      Inaccurate:     	White=1     	Black=1      OK:         	White=9     	Black=12     Best:        	White=1     	Black=1      Strong:       	White=3     	---} (31... Qh3 $1 $19 32. Nd3 Qxg4 (32... gxh5 33. gxh5 Ra8 34. Rg1+ Kh8 35. Qe2 $15) 33. Qxa4 c5 (33... Qxh5 34. Qxc6 Qf5 35. a4 $11)) 1/2-1/2

[Event "4NCL Div 1 2024-25"]
[Site "England"]
[Date "2024.11.24"]
[Round "2.4"]
[White "Rogers, Jonathan W"]
[Black "Wadsworth, Matthew J"]
[Result "0-1"]
[Annotator "TA"]
[ECO "B13"]
[WhiteElo "2331"]
[BlackElo "2461"]
[PlyCount "50"]
[EventDate "2024.11.23"]
[EventType "team-tourn"]
[EventCountry "ENG"]
[SourceTitle "playchess.com"]
[Source "ChessBase"]
[SourceQuality "1"]
[TimeControl "40/6000+30:3000+30"]

1. e4 c6 2. d4 d5 3. exd5 cxd5 4. Bd3 Nc6 5. c3 Nf6 6. Bf4 Bg4 7. Qb3 Qd7 8. Nd2 e6 9. h3 Bh5 10. Ngf3 Bd6 {[%emt 0:00:33] White has an edge.} 11. Bxd6 Qxd6 12. O-O O-O 13. Rae1 Qc7 14. Re3 Rab8 15. Rfe1 b5 16. Ne5 (16. Bxb5 $2 {too greedy.} a6 17. Ra1 Rxb5 $19 (17... axb5 $2 18. Qd1 $19)) 16... b4 17. Nxc6 Qxc6 18. c4 dxc4 19. Bxc4 Qd7 20. Ne4 ({Better is} 20. g4 $1 $11 Bg6 (20... Qxd4 $2 {perishes.} 21. Nf3 $18) 21. Nf3) 20... Qxd4 $15 21. Rd3 Qe5 22. Nxf6+ Qxf6 23. Rd7 a5 24. Re4 Rbd8 25. Qd3 {[%emt 0:02:44][%mdl 8192] [#]} (25. Rxd8 $17 Rxd8 26. a3) 25... Bg6 {[%emt 0:01:14] Weighted Error Value: White=0.44/Black=0.02 (flawless) .  Loses game:     	White=1     	---        Mistake:       	White=1     	---        Inaccurate:     	White=1     	---        OK:         	White=9     	Black=10     Best:        	---       	Black=2} 0-1

[Event "4NCL Div 1 2024-25"]
[Site "England"]
[Date "2024.11.24"]
[Round "2.5"]
[White "Jackson, James P"]
[Black "Sowray, Peter J"]
[Result "1/2-1/2"]
[Annotator "TA"]
[ECO "B12"]
[WhiteElo "2373"]
[BlackElo "2205"]
[PlyCount "99"]
[EventDate "2024.11.23"]
[EventType "team-tourn"]
[EventCountry "ENG"]
[SourceTitle "playchess.com"]
[Source "ChessBase"]
[SourceQuality "1"]
[TimeControl "40/6000+30:3000+30"]

1. e4 c6 2. d4 d5 3. e5 c5 4. dxc5 e6 5. Be3 Nd7 6. Nf3 Bxc5 7. Bxc5 Nxc5 8. Qd4 Qb6 9. Nbd2 Ne7 10. Nb3 Nxb3 11. axb3 Qxd4 12. Nxd4 Ng6 13. Nf3 Bd7 14. g3 a6 15. Bg2 Rc8 16. O-O-O O-O 17. Rhe1 Rc7 18. Nd4 Ne7 19. f4 Rfc8 20. c3 Nc6 21. Kb1 Nxd4 22. Rxd4 Kf8 23. g4 Ke7 24. h4 a5 25. Bf1 Ra8 26. Kc2 b5 27. b4 axb4 28. Rxb4 Ra4 29. Kb3 Rca7 30. Rd1 Rxb4+ 31. cxb4 $11 {[%emt 0:00:05][%mdl 4096] Endgame KRB-KRB} Bc6 (31... Rc7 $1 $11) 32. Rc1 Kd7 33. Rc5 {[%emt 0:00:29] White is more active.} (33. Bd3 $14) 33... Rb7 (33... Ra1 $1 $11 34. Bxb5 Bxb5 35. Rxb5 Kc8) 34. Kc2 (34. Bd3 $14 {was preferable.}) 34... Kc7 35. Rc3 Kb6 36. Bd3 h6 37. Kd2 Ra7 38. Ra3 Rd7 39. g5 hxg5 40. fxg5 {[%emt 0:01:13] Hoping for h5.} g6 41. Ra1 d4 42. Rf1 Bd5 43. Rf4 Bb3 (43... Bg2 $11) 44. Be4 Bc4 ({Better is} 44... Ba2 $1 $14) 45. Bf3 $16 d3 46. h5 (46. Bd1 $16) 46... gxh5 $11 47. Bxh5 Rd5 48. Re4 ({Don't play} 48. Bxf7 Rxe5 49. Bh5 Rxg5 $17) 48... Rd7 (48... Rd8 $5) 49. Rf4 Rd5 50. Re4 (50. Bxf7 Rxe5 51. Kc3 Re2 $17 (51... Rxg5 52. b3 $15)) 1/2-1/2

[Event "4NCL Div 1 2024-25"]
[Site "England"]
[Date "2024.11.24"]
[Round "2.6"]
[White "Zhao, George"]
[Black "Zhou, Yang-Fan"]
[Result "1/2-1/2"]
[Annotator "RC"]
[ECO "A40"]
[WhiteElo "2233"]
[BlackElo "2418"]
[PlyCount "220"]
[EventDate "2024.11.23"]
[EventType "team-tourn"]
[EventCountry "ENG"]
[SourceTitle "playchess.com"]
[Source "ChessBase"]
[SourceQuality "1"]
[TimeControl "40/6000+30:3000+30"]

1. d4 g6 2. c4 Bg7 3. g3 c5 4. dxc5 Qa5+ 5. Nd2 Qxc5 6. Bg2 Nc6 7. Ngf3 a5 8. O-O d6 9. a3 a4 10. Ne1 Nf6 11. Nd3 Qa5 12. b4 axb3 13. Nxb3 Qa4 14. Nb2 Qa6 15. c5 d5 16. Nd3 O-O 17. Bb2 Bf5 18. Nd4 Bxd3 19. exd3 Ne5 20. Nf5 Nxd3 21. Nxe7+ Kh8 22. Bxf6 Qxf6 23. Qxd3 Qxe7 24. Rae1 Qxc5 25. Qxd5 Qxa3 26. Qxb7 Rab8 27. Qf3 Rb3 28. Re3 Rxe3 29. Qxe3 Qxe3 30. fxe3 Bh6 31. e4 Be3+ 32. Kh1 Kg7 33. Re1 Bd4 34. Rd1 Be5 35. Bf3 h5 36. Kg2 Rb8 37. Rd2 Kh6 38. h3 Rb3 39. h4 f6 40. Ra2 Rb6 41. g4 hxg4 42. Bxg4 Rb3 43. Bf3 g5 44. hxg5+ Kxg5 45. Bd1 Rg3+ 46. Kf1 Kf4 47. Re2 Bd4 48. Rg2 Rh3 49. Bg4 Rh4 50. Bd1 Rh1+ 51. Ke2 Kxe4 52. Bc2+ Ke5 53. Kd2 Rh3 54. Re2+ Kd5 55. Bd3 Be5 56. Kc2 Rg3 57. Re1 Rg5 58. Re2 f5 59. Bxf5 Rxf5 60. Kb3 Rf8 61. Rd2+ Bd4 62. Kc2 Kc4 63. Re2 Ra8 64. Rd2 Be3 65. Re2 Kd4 66. Re1 Rc8+ 67. Kb3 Kd3 68. Rb1 Bc1 69. Ka4 Bd2 70. Rb3+ Bc3 71. Kb5 Kd4 72. Ka6 Kc4 73. Kb7 Rh8 74. Rb6 Be5 75. Ka6 Bd4 76. Rc6+ Kd5 77. Kb7 Be5 78. Rb6 Rh7+ 79. Ka6 Bd4 80. Rb7 Rh1 81. Kb5 Be5 82. Rd7+ Bd6 83. Rb7 Rh4 84. Rb6 Rh7 85. Ka6 Bc7 86. Rb1 Be5 87. Rb5+ Ke6 88. Rb6+ Bd6 89. Rb7 Rh1 90. Kb5 Kd5 91. Rb6 Bc7 92. Rb7 Rc1 93. Ka4 Ra1+ 94. Kb5 Rb1+ 95. Ka6 Rc1 96. Kb5 Rc5+ 97. Kb4 Kd4 98. Rb5 Rc1 99. Kb3 Bd6 100. Kb2 Rg1 101. Kb3 Bc5 102. Ra5 Rg3+ 103. Kc2 Kc4 104. Ra4+ Bb4 105. Ra2 Rg1 106. Rb2 Ra1 107. Rb1 Ra3 108. Kb2 Rh3 109. Rc1+ Bc3+ 110. Ka3 Rh8 1/2-1/2

[Event "4NCL Div 1 2024-25"]
[Site "England"]
[Date "2024.11.24"]
[Round "2.7"]
[White "Haydon, David L"]
[Black "Hng, Mei-En Emmanuelle"]
[Result "1/2-1/2"]
[Annotator "RC"]
[ECO "E62"]
[WhiteElo "2294"]
[BlackElo "2135"]
[PlyCount "206"]
[EventDate "2024.11.23"]
[EventType "team-tourn"]
[EventCountry "ENG"]
[SourceTitle "playchess.com"]
[Source "ChessBase"]
[SourceQuality "1"]
[TimeControl "40/6000+30:3000+30"]

1. Nf3 d6 2. d4 Nf6 3. c4 g6 4. Nc3 Bg7 5. g3 O-O 6. Bg2 Na6 7. d5 Bd7 8. Nd4 Qc8 9. h3 c5 10. dxc6 bxc6 11. Be3 Rd8 12. Rc1 c5 13. Nc2 Rb8 14. b3 Nc7 15. Qd2 Ne6 16. Bh6 Bh8 17. Ne3 Nd4 18. g4 Bc6 19. Ned5 Nxd5 20. cxd5 Bd7 21. e3 Nb5 22. Ne4 Nc7 23. O-O Rb4 24. Nxc5 dxc5 25. Rxc5 Rb5 26. Rfc1 Rxc5 27. Rxc5 Be5 28. Bf4 Bxf4 29. exf4 Qb8 30. d6 Ne6 31. dxe7 Nxc5 32. exd8=Q+ Qxd8 33. b4 Ne6 34. f5 Bc6 35. Qe3 Qd1+ 36. Bf1 Qd5 37. f3 gxf5 38. b5 Bb7 39. gxf5 Qxf5 40. Qxa7 Qxf3 41. Qb8+ Kg7 42. Qh2 Ng5 43. Qg2 Qe3+ 44. Qf2 Nf3+ 45. Kg2 Qg5+ 46. Kh1 Nh4+ 47. Kh2 Nf3+ 48. Kh1 Qc1 49. a4 Nd2+ 50. Kg1 Nxf1 51. Qxf1 Qg5+ 52. Kf2 Qf4+ 53. Ke1 Qb4+ 54. Ke2 Qb2+ 55. Kd3 Qa3+ 56. Kd2 Qb2+ 57. Kd3 Qa3+ 58. Kd2 Qb4+ 59. Kd3 Be4+ 60. Ke3 Qxa4 61. Qf4 Qxb5 62. Qxe4 Qb3+ 63. Kf4 Qxh3 64. Qe5+ Kf8 65. Qd6+ Ke8 66. Qb8+ Ke7 67. Qb7+ Qd7 68. Qe4+ Qe6 69. Qxh7 Qd6+ 70. Kg4 Qd1+ 71. Kf4 Qf1+ 72. Kg4 Qe2+ 73. Kf4 Qd2+ 74. Kg4 Qd4+ 75. Kf3 Qf6+ 76. Kg4 Qe6+ 77. Kf4 Qd6+ 78. Kg4 Qd4+ 79. Kf3 Qe5 80. Kg4 Ke6 81. Qh6+ f6 82. Qg6 Qd4+ 83. Kf3 Qd1+ 84. Ke3 Qc1+ 85. Kf3 Qc6+ 86. Kf4 Qc1+ 87. Kf3 Qf1+ 88. Ke3 Qe1+ 89. Kf3 Qh1+ 90. Ke3 Qh3+ 91. Kf4 Qh4+ 92. Kf3 Qh1+ 93. Ke3 Qh3+ 94. Kf4 Qh4+ 95. Kf3 Qh3+ 96. Kf4 Qf1+ 97. Ke3 Qc1+ 98. Kf3 Qh1+ 99. Ke3 Qh3+ 100. Kf4 Qh4+ 101. Kf3 Qh3+ 102. Kf4 Qh4+ 103. Kf3 Qh3+ 1/2-1/2

[Event "4NCL Div 1 2024-25"]
[Site "England"]
[Date "2024.11.24"]
[Round "2.8"]
[White "Brett, Andrew R"]
[Black "Toma, Katarzyna"]
[Result "0-1"]
[Annotator "RC"]
[ECO "E15"]
[WhiteElo "2069"]
[BlackElo "2184"]
[PlyCount "82"]
[EventDate "2024.11.23"]
[EventType "team-tourn"]
[EventCountry "ENG"]
[SourceTitle "playchess.com"]
[Source "ChessBase"]
[SourceQuality "1"]
[TimeControl "40/6000+30:3000+30"]

1. d4 Nf6 2. c4 e6 3. Nf3 b6 4. g3 Ba6 5. b3 Bb4+ 6. Bd2 Be7 7. Nc3 d5 8. cxd5 exd5 9. b4 O-O 10. b5 Bb7 11. Ne5 c5 12. bxc6 Nxc6 13. Nxc6 Bxc6 14. Bg2 Rc8 15. O-O Qd7 16. Qb3 Ne4 17. Nxe4 dxe4 18. Bb4 Bd5 19. Qa3 Bxb4 20. Qxb4 Rc2 21. Rfc1 Rfc8 22. Qa3 h6 23. Rxc2 Rxc2 24. Qe3 Qc6 25. f3 Rc3 26. Qf4 e3 27. h4 h5 28. Kh2 b5 29. Qe5 g6 30. Qb8+ Kg7 31. Qe5+ Kh7 32. Qf4 a5 33. a3 Qc4 34. g4 Qxe2 35. gxh5 Rc2 36. hxg6+ fxg6 37. Rg1 Qxf3 38. Qg5 Rxg2+ 39. Rxg2 Qxg2+ 40. Qxg2 Bxg2 41. Kxg2 b4 0-1

[Event "4NCL Div 1 2024-25"]
[Site "England"]
[Date "2024.11.24"]
[Round "2.9"]
[White "Arkell, Keith C"]
[Black "Erdos, Viktor"]
[Result "1/2-1/2"]
[Annotator "TA"]
[ECO "D36"]
[WhiteElo "2359"]
[BlackElo "2533"]
[PlyCount "42"]
[EventDate "2024.11.23"]
[EventType "team-tourn"]
[EventCountry "ENG"]
[SourceTitle "playchess.com"]
[Source "ChessBase"]
[SourceQuality "1"]
[TimeControl "40/6000+30:3000+30"]

1. d4 Nf6 2. Nf3 d5 3. c4 e6 4. Nc3 c6 5. cxd5 exd5 6. Qc2 Be7 7. Bg5 g6 8. e3 Bf5 9. Bd3 Bxd3 10. Qxd3 Nbd7 11. Bh6 Ng4 12. Bf4 Ngf6 13. Bh6 Bf8 14. Bxf8 Kxf8 15. O-O Qe7 16. b4 {[%emt 0:06:14][%cal Bb2b4,Bb4b5][%mdl 32] The position is equal.} Kg7 17. b5 Rhc8 18. Rab1 c5 19. dxc5 Rxc5 20. Rfc1 Rac8 {[%emt 0:01:31][%cal Oe7e4] [#] ...Qe4! would now be deadly.} 21. Ne2 Rxc1+ {[%emt 0:42:44] Weighted Error Value: White=0.06 (flawless) /Black=0.00 (flawless) .  OK:         	White=3     	Black=4} 1/2-1/2

[Event "4NCL Div 1 2024-25"]
[Site "England"]
[Date "2024.11.24"]
[Round "2.10"]
[White "Royal, Shreyas"]
[Black "Pert, Richard G"]
[Result "1/2-1/2"]
[Annotator "RC"]
[ECO "B39"]
[WhiteElo "2520"]
[BlackElo "2399"]
[PlyCount "52"]
[EventDate "2024.11.23"]
[EventType "team-tourn"]
[EventCountry "ENG"]
[SourceTitle "playchess.com"]
[Source "ChessBase"]
[SourceQuality "1"]
[TimeControl "40/6000+30:3000+30"]

1. e4 c5 2. Nf3 Nc6 3. d4 cxd4 4. Nxd4 g6 5. c4 Bg7 6. Be3 Nf6 7. Nc3 Ng4 8. Qxg4 Nxd4 9. Qd1 e5 10. Bd3 d6 11. O-O O-O 12. Qd2 Be6 13. Bxd4 exd4 14. Ne2 a5 15. Rac1 Qb6 16. Rfd1 a4 17. f4 f5 18. Ng3 Rae8 19. exf5 Bxf5 20. Bxf5 gxf5 21. Kh1 Re3 22. Re1 Qc5 23. Nf1 Re4 24. Ng3 Re3 25. Nf1 Re4 26. Ng3 Re3 1/2-1/2

[Event "4NCL Div 1 2024-25"]
[Site "England"]
[Date "2024.11.24"]
[Round "2.11"]
[White "Williams, Simon K"]
[Black "Csonka, Balazs"]
[Result "0-1"]
[Annotator "TA"]
[ECO "D42"]
[WhiteElo "2442"]
[BlackElo "2473"]
[PlyCount "84"]
[EventDate "2024.11.23"]
[EventType "team-tourn"]
[EventCountry "ENG"]
[SourceTitle "playchess.com"]
[Source "ChessBase"]
[SourceQuality "1"]
[TimeControl "40/6000+30:3000+30"]

1. d4 Nf6 2. c4 e6 3. Nf3 d5 4. Nc3 c5 5. cxd5 Nxd5 6. e3 Nc6 7. Bd3 Be7 8. O-O O-O 9. a3 cxd4 10. exd4 Bf6 11. Re1 Bd7 12. Bc2 Nce7 13. h4 Bc6 {[%emt 0:08:27] The position is equal.} 14. Ng5 (14. Qd3 $11 {keeps the balance.} g6 15. h5) 14... Nf5 $17 15. Qg4 h6 (15... Bxd4 16. Bxf5 Nf6 17. Bxh7+ Nxh7 18. Be3 Bxe3 19. Rxe3 $11) (15... g6 {feels hotter.} 16. h5 Bxd4 17. hxg6 Bxf2+ 18. Kxf2 Qb6+) 16. Nf3 Nde7 {[%emt 0:05:32] Hoping for ...Bxf3.} (16... Bxh4 $2 17. Bxf5 Bxf2+ 18. Kxf2 $18) (16... Nxh4 {with more complications.} 17. Ne5 Nxc3 18. Nxc6 Ne2+) 17. Ne4 $1 Bxd4 18. Nxd4 ({Better is} 18. Rd1 $15 h5 19. Qxh5 Bxe4 20. Nxd4 Nxd4 (20... Bxc2 21. Nxc2 Qb6 22. b4 $15) 21. Bxe4) 18... Qxd4 19. Rb1 {[%emt 0:04:23] [#]} Rfd8 (19... Ng6 $1 $17 20. h5 Ne5) 20. b4 $15 Bxe4 21. Bxe4 Qb6 $36 {[%emt 0:00:52][%mdl 2048] Black fights for an advantage.} 22. h5 Rd7 (22... Rac8 {is more complex.} 23. Bb2 Rd2 24. Qf4 Qd6) 23. Qf4 ({White should try} 23. Bb2 $15) 23... Nd5 $17 24. Qf3 Rad8 25. Bb2 {[%emt 0:00:31] Black converts the advantage convincingly.} (25. Bxf5 $15 exf5 26. Bb2) 25... Nd4 26. Qg3 Nf6 {[%emt 0:00:08] A dynamic duo of knights.} 27. Qh4 (27. Bxd4 $17 Qxd4 (27... Rxd4 28. Bf3 $17) 28. Bf3) 27... Qb5 $19 {[%emt 0:01:04] [#] aiming for ...Ne2+.} 28. Kh1 b6 (28... Nxh5 29. Rbd1 Qg5 30. Qxg5 hxg5 31. Bxb7) 29. Rbc1 Qxh5 30. Qxh5 Nxh5 31. Red1 Nf6 32. Bb1 {[%emt 0:00:05] Threatens to win with Rxd4.} Kf8 33. f3 (33. g3 $142) 33... Ke7 34. a4 ({Don't play} 34. Rxd4 Rxd4 35. Bxd4 Rxd4 $19) 34... Ne2 35. Rxd7+ Rxd7 ({Inferior is} 35... Nxd7 36. Rc7 $11) 36. Re1 Nf4 37. b5 Nd3 38. Ba3+ Ke8 39. Rf1 Rd4 40. Bc2 Nd5 {[%emt 0:00:30] And now ...Ne3 would win.} 41. Bb3 Nc3 42. g3 {[%emt 0:00:00] Prevents Rh4+} Nxa4 {[%emt 0:03:37] Weighted Error Value: White=0.26 (precise) /Black=0.11 (very precise) .  Mistake:       	White=6     	Black=1      Inaccurate:     	---       	Black=2      OK:         	White=10    	Black=17     Best:        	---       	Black=1      Strong:       	White=1     	---} 0-1

[Event "4NCL Div 1 2024-25"]
[Site "England"]
[Date "2024.11.24"]
[Round "2.12"]
[White "Jaracz, Pawel"]
[Black "Hebden, Mark L"]
[Result "1/2-1/2"]
[Annotator "TA"]
[ECO "A24"]
[WhiteElo "2473"]
[BlackElo "2372"]
[PlyCount "51"]
[EventDate "2024.11.23"]
[EventType "team-tourn"]
[EventCountry "ENG"]
[SourceTitle "playchess.com"]
[Source "ChessBase"]
[SourceQuality "1"]
[TimeControl "40/6000+30:3000+30"]

1. c4 Nf6 2. Nc3 g6 3. g3 Bg7 4. Bg2 O-O 5. e3 d6 6. Nge2 e5 7. O-O Re8 8. d3 c6 9. e4 Na6 10. h3 Nc5 11. Be3 a5 {[%emt 0:01:20] White is slightly better.} 12. Qd2 b5 13. cxb5 cxb5 14. Nxb5 Ba6 15. Bxc5 dxc5 16. a4 Qb6 17. Nec3 Rad8 18. Qc2 Re7 19. Rfd1 h5 20. Na3 h4 21. Nc4 ({Don't play} 21. gxh4 Nh5 $11) 21... Bxc4 22. dxc4 hxg3 23. fxg3 Rd4 24. Nb5 Nh5 25. Qb3 Qf6 26. Kh2 {[%emt 0:28:44] Weighted Error Value: White=0.05 (flawless) /Black=0.13 (very precise) .  Mistake:       	White=1     	Black=1      Inaccurate:     	White=1     	---        OK:         	White=6     	Black=5} (26. Rf1 $16 Qe6 27. Nxd4 exd4 28. g4) 1/2-1/2

[Event "4NCL Div 1 2024-25"]
[Site "England"]
[Date "2024.11.24"]
[Round "2.13"]
[White "Pert, Nicholas"]
[Black "Grieve, Harry"]
[Result "1/2-1/2"]
[Annotator "TA"]
[ECO "D37"]
[WhiteElo "2527"]
[BlackElo "2464"]
[PlyCount "103"]
[EventDate "2024.11.23"]
[EventType "team-tourn"]
[EventCountry "ENG"]
[SourceTitle "playchess.com"]
[Source "ChessBase"]
[SourceQuality "1"]
[TimeControl "40/6000+30:3000+30"]

1. d4 d5 2. c4 e6 3. Nf3 Nf6 4. Nc3 a6 5. cxd5 exd5 6. Bg5 {[%emt 0:00:24] D37: Queen's Gambit Declined: 5 Bf4.} Be6 7. e3 Nbd7 8. h3 Bd6 9. Bd3 c6 10. Bf4 Qc7 11. Ne2 O-O 12. O-O Rfe8 13. Qc2 g6 14. b4 $146 ({Predecessor:} 14. Bxd6 Qxd6 15. Ng3 Kg7 16. Rad1 Rad8 17. Qc3 Qc7 18. b4 Nb6 19. Ne5 Nfd7 20. Nf3 Nf6 21. Ne5 Nfd7 22. Nf3 {½-½ Verma,S (1829)-Seymour,T (2076) Leamington Spa 4NCL op-A 28th 2022 (5)}) 14... Nh5 15. Bxd6 Qxd6 16. a4 Ng7 17. Rab1 Bf5 18. Nf4 Nb6 19. Nd2 Qe7 20. Rfc1 Bxd3 21. Nxd3 Nf5 22. a5 Nc8 23. Nc5 Ncd6 24. Re1 h5 25. Nf3 Nh4 26. Qe2 Nxf3+ 27. Qxf3 Qc7 28. Qf4 Re7 29. g4 hxg4 30. hxg4 Nc4 31. Qxc7 Rxc7 32. Kg2 Kg7 33. Rh1 Re7 34. Rh3 Rh8 35. Rxh8 Kxh8 36. Rh1+ Kg7 37. Kf3 g5 38. Ke2 f6 39. Rh3 Kg8 40. Rh6 Kg7 41. Rh1 Kg8 42. Kd3 Nb2+ 43. Kc3 Nc4 44. Rh5 Kg7 45. Rh3 Kg8 46. Rh2 Kg7 47. Rh5 Nd6 48. Kd3 Nc4 49. Rh1 Nb2+ 50. Kc2 Nc4 51. Kc3 Kg8 52. Kd3 1/2-1/2

[Event "4NCL Div 1 2024-25"]
[Site "England"]
[Date "2024.11.24"]
[Round "2.14"]
[White "Cyborowski, Lukasz"]
[Black "Eggleston, David J"]
[Result "1/2-1/2"]
[Annotator "TA"]
[ECO "A17"]
[WhiteElo "2454"]
[BlackElo "2339"]
[PlyCount "33"]
[EventDate "2024.11.23"]
[EventType "team-tourn"]
[EventCountry "ENG"]
[SourceTitle "playchess.com"]
[Source "ChessBase"]
[SourceQuality "1"]
[TimeControl "40/6000+30:3000+30"]

1. Nf3 Nf6 2. c4 e6 3. Nc3 Bb4 4. Qc2 O-O 5. a3 Bxc3 6. Qxc3 b6 7. b4 d6 8. Bb2 Bb7 9. e3 Nbd7 10. Be2 Qe7 11. O-O Rfe8 12. d3 c5 13. Nd2 {[%emt 0:11:59] White is slightly better.} d5 14. cxd5 exd5 15. bxc5 bxc5 16. Bf3 Qd6 17. Qc2 {[%emt 0:07:03] Weighted Error Value: White=0.06 (flawless) /Black=0.04 (flawless) .  OK:         	White=2     	Black=1} 1/2-1/2

[Event "4NCL Div 1 2024-25"]
[Site "England"]
[Date "2024.11.24"]
[Round "2.15"]
[White "Pert, Max"]
[Black "Galyas, Miklos"]
[Result "1/2-1/2"]
[Annotator "TA"]
[ECO "D37"]
[WhiteElo "2076"]
[BlackElo "2374"]
[PlyCount "35"]
[EventDate "2024.11.23"]
[EventType "team-tourn"]
[EventCountry "ENG"]
[SourceTitle "playchess.com"]
[Source "ChessBase"]
[SourceQuality "1"]
[TimeControl "40/6000+30:3000+30"]

1. d4 d5 2. Nf3 e6 3. c4 Nf6 4. Nc3 Be7 5. Bf4 O-O 6. e3 b6 7. Bd3 dxc4 8. Bxc4 Bb7 9. O-O a6 10. a4 c5 11. Qe2 cxd4 12. Nxd4 Nbd7 {[%emt 0:01:02] And now ...e5 would win.} 13. Bg3 Nc5 14. Rfd1 {[%emt 0:03:03][%cal Od4e6] Hoping for Nxe6!.} Qe8 15. Bc7 Bd8 16. Bd6 {[%emt 0:03:54] White has more active pieces.} (16. Bxd8 $14 Rxd8 17. b4) 16... Be7 $11 17. Bc7 Bd8 18. Bd6 ({White should try} 18. Be5 $14) 1/2-1/2